 Dungeon Crawl Stone Soup version 0.29-a0-617-g7a6b98fccd (webtiles) character file.

Game seed: 16639238337338807529

77 DuloT34 the Conjurer (level 4, 0/28 HPs)
             Began as an Octopode Conjurer on June 17, 2022.
             Slain by a goblin
             ... wielding a +0 club
             ... led by Robin
              (4 damage)
             ... on level 2 of the Dungeon.
             The game lasted 00:02:45 (1770 turns).

DuloT34 the Conjurer (Octopode Conjurer)            Turns: 1770, Time: 00:02:46

Health: 0/28       AC:  1    Str:  8    XL:     4   Next: 33%
Magic:  6/8        EV: 13    Int: 20    God:
Gold:   51         SH:  0    Dex: 10    Spells: 5/8 levels left

rFire   . . .      SeeInvis .   d - +1 dagger (flame)
rCold   . . .      Faith    .   (no shield)
rNeg    . . .      Spirit   .   (helmet restricted)
rPois   .          Reflect  .   (no amulet)
rElec   .          Harm     .   (no ring)
rCorr   .          Rampage  .   (no ring)
Will    .....                   (no ring)
Stlth   +++.......              (no ring)
HPRegen 0.09/turn               (no ring)
MPRegen 0.11/turn               (no ring)
                                (no ring)
                                (no ring)

@: no status effects
A: almost no armour, amphibious, 8 rings, camouflage 1, gelatinous body 1,
(nimble swimmer 1), tentacles
a: no special abilities


You were on level 2 of the Dungeon.
You visited 1 branch of the dungeon, and saw 2 of its levels.

You collected 51 gold pieces.

Inventory:

Hand Weapons
 d - a +1 dagger of flaming (weapon)
Potions
 a - a potion of magic
 b - a potion of brilliance {unknown}
 c - a potion of mutation {unknown}
 e - 2 potions of attraction {unknown}
 f - a potion of haste {unknown}
 g - a potion of heal wounds {unknown}


   Skills:
 + Level 1.6 Fighting
 + Level 2.8 Dodging
 - Level 2.6 Stealth
 + Level 2.6 Spellcasting
 + Level 4.4 Conjurations


You had 5 spell levels left.
You knew the following spells:

 Your Spells              Type           Power      Damage    Failure   Level
a - Magic Dart            Conj           80%        1d7       2%          1
b - Searing Ray           Conj           40%        2d5       3%          2

Your spell library contained the following spells:

 Spells                   Type           Power      Damage    Failure   Level
 Dazzling Flash           Conj/Hex       22%        N/A       19%         3
 Fulminant Prism          Conj/Hex       5%         3d7       52%         4
 Iskenderun's Mystic Bla  Conj/Tloc      11%        2d4       52%         4


Dungeon Overview and Level Annotations

Branches:
Dungeon (2/15)

Altars:


Innate Abilities, Weirdness & Mutations

You cannot wear most types of armour.
You are amphibious.
You can wear up to eight rings at the same time.
Your skin changes colour to match your surroundings (Stealth+).
Your rubbery body absorbs attacks. (AC +1, EV +1)
((You are camouflaged when in or above water. (Stealth+)))
You have tentacles for arms and can constrict up to eight enemies at once.


Message History

a +0 dagger; a kobold corpse You hit Natasha but do no damage.
You grab Natasha. You constrict Natasha.
Natasha mumbles some strange words.
You hit Natasha. You burn Natasha.
Natasha is heavily wounded.
You constrict Natasha. Natasha claws you! The shadow imp hits you.
You are too injured to fight recklessly!
You are too injured to fight recklessly!
You hit Natasha but do no damage.
Natasha is severely wounded.
You constrict Natasha.
A goblin comes into view. It is wielding a +0 dagger.
Natasha mewls in sadness.
Natasha claws you.
* * * LOW HITPOINT WARNING * * *
The shadow imp hits you.
* * * LOW HITPOINT WARNING * * *
The goblin shouts!
You hit Natasha but do no damage.
Your tentacle-slap misses Natasha.
Your squeeze misses Natasha.
Natasha is severely wounded.
You constrict Natasha.
You hear a shout!
A goblin comes into view. It is wielding a +0 club.
Natasha barely misses you. The shadow imp closely misses you.
You hit Natasha. You burn Natasha. Your squeeze misses Natasha.
Natasha is almost dead.
You constrict Natasha.
You kill Natasha!
Natasha screams in pain as she dies!
The shadow imp disappears in a puff of smoke!
You have reached level 4!
The goblin attacks as you move away! The goblin hits you with a +0 club.
* * * LOW HITPOINT WARNING * * *
Casting: Magic Dart (safe; 2% risk of failure)
Confirm with . or Enter, or press ? or * to list all spells.
Okay, then.
The goblin attacks as you move away! The goblin misses you.
The goblin attacks as you move away! The goblin hits you with a +0 club.
You die...

################
###########...............
#..<.)÷.........##########
#......###.........#
#.#.###.##...##.....# #
#.......@.....#
#.##...##g.####
...###÷.##..#
###.####.##..#
.......?#..######
?#...g.....# ##..g.###.#
##.#.# .##.#


You could see 3 goblins.

Vanquished Creatures
  Natasha (D:2)
  An adder (D:2)
  4 dart slugs
  A ball python (D:2)
  3 endoplasms (D:1)
  4 giant cockroaches
  4 goblins
  A hobgoblin (D:2)
  4 jackals (D:1)
  6 bats
  A kobold (D:2)
  4 rats
34 creatures vanquished.

Notes
Turn   | Place    | Note
-------+----------+-------------------------------------------
     0 | D:1      | DuloT34 the Octopode Conjurer began the quest for the Orb.
     0 | D:1      | Reached XP level 1. HP: 11/11 MP: 3/3
   191 | D:1      | Reached XP level 2. HP: 7/18 MP: 1/5
   455 | D:1      | Found a faded altar of an unknown god.
   456 | D:1      | Noticed a great orb of eyes
   458 | D:1      | Noticed an eye of devastation
   458 | D:1      | Noticed a golden eye
   458 | D:1      | Noticed a shining eye
   472 | D:1      | Learned a level 2 spell: Searing Ray
   888 | D:1      | Reached skill level 1 in Fighting
   897 | D:1      | Reached XP level 3. HP: 23/23 MP: 4/6
  1756 | D:2      | Noticed Natasha
  1764 | D:2      | Killed Natasha
  1765 | D:2      | Reached XP level 4. HP: 5/28 MP: 6/8
  1770 | D:2      | Slain by a goblin

Illustrated notes

Levels and vault maps discovered:
D:1:      dpeg_arrival_shrine, layout_loops_cross,
          hellmonk_ecumenical_altar_watching_god
D:2:      layout_loops_ring, basic_altar, nicolae_underground_beach, uniq_robin,
          uniq_natasha

Skill      XL: |  1  2 |
---------------+-------+-----
Fighting       | 1 |  1.6
Dodging        | |  2.8
Stealth        | |  2.6
Spellcasting   | |  2.6
Conjurations   | |  4.4

Action                   |  1- 3 |  4- 6 || total
-------------------------+-------+-------++-------
Melee: Dagger            |    65 |       ||    65
       Constrict         |    15 |       ||    15
       Tentacles         |    15 |       ||    15
       Whip              |     1 |       ||     1
       Punch             |     2 |       ||     2
 Cast: Magic Dart        |    17 |       ||    17
       Searing Ray       |     2 |       ||     2
  Use: Scroll            |     4 |       ||     4
 Stab: Sleeping          |     3 |       ||     3
Armor: Skin              |    14 |       ||    14
Dodge: Dodged            |    56 |     1 ||    57

Table legend: (Time is in decaauts)
 A = Elapsed time spent in this place.
 B = Non-inter-level travel time spent in this place.
 C = Inter-level travel time spent in this place.
 D = Time resting spent in this place.
 E = Time spent auto-exploring this place.
 F = Levels seen in this place.
 G = Mean time per level.
                   A        B        C        D        E       F      G
               +--------+--------+--------+--------+--------+-----+--------+
         Total |   1769 |   1739 |     30 |    717 |    766 |   2 |  884.5 |
       Dungeon |   1769 |   1739 |     30 |    717 |    766 |   2 |  884.5 |
               +--------+--------+--------+--------+--------+-----+--------+

Top non-repeatable levels by time:
     D:1: 1435 daAuts
     D:2: 334 daAuts
